BLB
MONTREAL EXPORTS @ BATAVIA MUCKDOGS
07/05/2060
 
TOP OF THE 1ST
Montreal Exports batting - Pitching for Batavia Muckdogs : LHP Keaton Bice
Pitching: LHP Keaton Bice
Batting: RHB Asher Miles 0-0: Ball
1-0: Swinging Strike
1-1: Ball
2-1: Bunt missed!
2-2: Strikes out swinging
Batting: RHB Landon Zitter 0-0: Called Strike
0-1: Fly out, F8 (Flyball, 8RM, EV 80.0 MPH)
Batting: RHB Kyle Levin 0-0: Swinging Strike
0-1: Called Strike
0-2: Strikes out looking
Top of the 1st over - 0 runs, 0 hits, 0 errors, 0 left on base; Montreal 0 - Batavia 0
BOTTOM OF THE 1ST
Batavia Muckdogs batting - Pitching for Montreal Exports : RHP Jeremy Jackson
Pitching: RHP Jeremy Jackson
Batting: RHB Zeke Lebron 0-0: Swinging Strike
0-1: Swinging Strike
0-2: Foul Ball, location: 2F
0-2: Ball
1-2: Ball
2-2: Strikes out looking
Batting: RHB R.J. McCarthy 0-0: Called Strike
0-1: Ball
1-1: Swinging Strike
1-2: Foul Ball, location: 2F
1-2: Foul Ball, location: 2F
1-2: Strikes out looking
Batting: LHB Donald Dworkin 0-0: Fly out, F7 (Flyball, 7, EV 86.9 MPH)
Bottom of the 1st over - 0 runs, 0 hits, 0 errors, 0 left on base; Montreal 0 - Batavia 0
TOP OF THE 2ND
Montreal Exports batting - Pitching for Batavia Muckdogs : LHP Keaton Bice
Batting: RHB Henry Miller 0-0: Ball
1-0: Fly out, F8 (Line Drive, 89M, EV 88.1 MPH)
Batting: RHB Al Bush 0-0: SINGLE (Flyball, 3D, EV 86.9 MPH)
Batting: RHB Max Johnson 0-0: Called Strike
0-1: Ball
1-1: Swinging Strike
1-2: Foul Ball, location: 2F
1-2: Ball
2-2: Foul Ball, location: 2F
2-2: Foul Ball, location: 2F
2-2: Foul Ball, location: 2F
2-2: Strikes out swinging
Batting: RHB Eli Tracy 0-0: SINGLE (Groundball, 6MD, EV 97.5 MPH)
Al Bush to second
Batting: RHB Jared Lewis 0-0: Called Strike
0-1: Swinging Strike
0-2: Ball
1-2: Hit by Pitch
Al Bush to third
Eli Tracy to second
Batting: RHB Cody Henning 0-0: Ball
1-0: Swinging Strike
1-1: Fielders Choice at 2nd, 6-4 (Groundball, 6, EV 89.4 MPH)
Top of the 2nd over - 0 runs, 2 hits, 0 errors, 3 left on base; Montreal 0 - Batavia 0
BOTTOM OF THE 2ND
Batavia Muckdogs batting - Pitching for Montreal Exports : RHP Jeremy Jackson
Batting: LHB Edward Schachter 0-0: SOLO HOME RUN (Flyball, 78XD, EV 100.6 MPH), Distance : 402 ft
Batting: LHB Bubba Cain 0-0: DOUBLE (Line Drive, 7LS, EV 97.5 MPH)
Batting: RHB Robbie McGath 0-0: Swinging Strike
0-1: Swinging Strike
0-2: Ball
1-2: Strikes out swinging
Batting: RHB Logan Gleason 0-0: Called Strike
0-1: Ball
1-1: Foul Ball, location: 2F
1-2: Ball
2-2: Ball
3-2: Foul Ball, location: 2F
3-2: Base on Balls
Batting: RHB Julius McCurdy 0-0: Called Strike
0-1: Ball
1-1: Swinging Strike
1-2: Ball
2-2: Fly out, F9 (Flyball, 9S, EV 88.1 MPH)
Batting: RHB Bowie Garcia 0-0: Ball
1-0: Foul Ball, location: 2F
1-1: Swinging Strike
1-2: Strikes out swinging
Bottom of the 2nd over - 1 run, 2 hits, 0 errors, 2 left on base; Montreal 0 - Batavia 1
TOP OF THE 3RD
Montreal Exports batting - Pitching for Batavia Muckdogs : LHP Keaton Bice
Batting: RHB Asher Miles 0-0: Ball
1-0: Ball
2-0: Bunt for hit to 15S - play at first, batter OUT! 1-3
Batting: RHB Landon Zitter 0-0: Called Strike
0-1: Foul Ball, location: 2F
0-2: Strikes out looking
Batting: RHB Kyle Levin 0-0: Foul Ball, location: 2F
0-1: SINGLE (Line Drive, 34, EV 105.0 MPH)
Batting: RHB Henry Miller 0-0: Ball
1-0: Ball
Wild Pitch!
Kyle Levin to second
2-0: Swinging Strike
2-1: SINGLE (Line Drive, 8RS, EV 91.9 MPH)
Kyle Levin to third
Batting: RHB Al Bush 0-0: Ball
1-0: Ball
2-0: Foul Ball, location: 2F
2-1: Swinging Strike
2-2: Strikes out swinging
Top of the 3rd over - 0 runs, 2 hits, 0 errors, 2 left on base; Montreal 0 - Batavia 1
BOTTOM OF THE 3RD
Batavia Muckdogs batting - Pitching for Montreal Exports : RHP Jeremy Jackson
Batting: RHB Zeke Lebron 0-0: Called Strike
0-1: Foul Ball, location: 2F
0-2: Fly out, F7 (Flyball, 7D, EV 97.5 MPH)
Batting: RHB R.J. McCarthy 0-0: Ball
1-0: Fly out, F7 (Flyball, 78XD, EV 103.8 MPH)
Batting: LHB Donald Dworkin 0-0: Ball
1-0: Foul Ball, location: 2F
1-1: Fly out, F7 (Line Drive, 7, EV 89.4 MPH)
Bottom of the 3rd over - 0 runs, 0 hits, 0 errors, 0 left on base; Montreal 0 - Batavia 1
TOP OF THE 4TH
Montreal Exports batting - Pitching for Batavia Muckdogs : LHP Keaton Bice
Batting: RHB Max Johnson 0-0: Swinging Strike
0-1: SINGLE (Groundball, 4S, EV 71.2 MPH) (infield hit)
Batting: RHB Eli Tracy 0-0: SINGLE (Line Drive, 8RS, EV 105.0 MPH)
Max Johnson to second
Runner from 2nd tries for 3rd, SAFE, throw by CF made to third
Batting: RHB Jared Lewis 0-0: Foul Ball, location: 2F
0-1: Swinging Strike
0-2: SINGLE (Line Drive, 9LS, EV 99.4 MPH)
Max Johnson scores
Eli Tracy to second
Runner from 2nd tries for 3rd, SAFE, throw by RF made to third
Batting: RHB Cody Henning 0-0: Called Strike
0-1: Foul Ball, location: 2F
0-2: Foul Ball, location: 2F
0-2: SINGLE (Groundball, 6MD, EV 95.0 MPH)
Eli Tracy scores
Jared Lewis to second
Runner from 2nd tries for 3rd, SAFE, no throw by CF
Batting: RHB Asher Miles 0-0: Fly out, F9 (Line Drive, 4D, EV 65.6 MPH)
Batting: RHB Landon Zitter 0-0: Foul Ball, location: 2F
0-1: Ball
1-1: Called Strike
1-2: Fly out, F7 (Flyball, 7S, EV 90.6 MPH)
Batting: RHB Kyle Levin 0-0: Ball
Wild Pitch!
Jared Lewis scores
Cody Henning to second
1-0: Ball
2-0: Foul Ball, location: 2F
2-1: Foul Ball, location: 2F
2-2: Ground out 6-3 (Groundball, 6, EV 84.4 MPH)
Top of the 4th over - 3 runs, 4 hits, 0 errors, 1 left on base; Montreal 3 - Batavia 1
BOTTOM OF THE 4TH
Batavia Muckdogs batting - Pitching for Montreal Exports : RHP Jeremy Jackson
Batting: LHB Edward Schachter 0-0: Fly out, F6 (Popup, 6M, EV 65.0 MPH)
Batting: LHB Bubba Cain 0-0: Swinging Strike
0-1: Ball
1-1: Ball
2-1: Fly out, F5 (Popup, 56, EV 65.6 MPH)
Batting: RHB Robbie McGath 0-0: Called Strike
0-1: Ball
1-1: Ground out 5-3 (Groundball, 56, EV 87.5 MPH)
Bottom of the 4th over - 0 runs, 0 hits, 0 errors, 0 left on base; Montreal 3 - Batavia 1
TOP OF THE 5TH
Montreal Exports batting - Pitching for Batavia Muckdogs : LHP Keaton Bice
Batting: RHB Henry Miller 0-0: Called Strike
0-1: Foul Ball, location: 2F
0-2: Ball
1-2: Strikes out swinging
Batting: RHB Al Bush 0-0: Called Strike
0-1: Fly out, F9 (Line Drive, 89M, EV 108.1 MPH)
Batting: RHB Max Johnson 0-0: SINGLE (Line Drive, 4MD, EV 99.4 MPH)
Batting: RHB Eli Tracy 0-0: Called Strike
0-1: Ball
1-1: SINGLE (Groundball, 6, EV 98.1 MPH)
Max Johnson to second
Batting: RHB Jared Lewis 0-0: Ball
1-0: Ball
2-0: Called Strike
2-1: Swinging Strike
2-2: Ball
3-2: Foul Ball, location: 2F
3-2: Foul Ball, location: 2F
3-2: Ground out 6-3 (Groundball, 6S, EV 70.0 MPH)
Top of the 5th over - 0 runs, 2 hits, 0 errors, 2 left on base; Montreal 3 - Batavia 1
BOTTOM OF THE 5TH
Batavia Muckdogs batting - Pitching for Montreal Exports : RHP Jeremy Jackson
Batting: RHB Logan Gleason 0-0: SINGLE (Groundball, 34D, EV 103.1 MPH)
Batting: RHB Julius McCurdy 0-0: Called Strike
0-1: Foul Ball, location: 2F
0-2: Ball
1-2: Strikes out looking
Batting: RHB Bowie Garcia 0-0: Called Strike
0-1: Ball
1-1: Ball
2-1: Fly out, F7 (Flyball, 7LM, EV 83.8 MPH)
Batting: RHB Zeke Lebron 0-0: Ball
1-0: SINGLE (Groundball, 6MD, EV 98.8 MPH) (infield hit)
Logan Gleason to second
Batting: RHB R.J. McCarthy 0-0: Ball
1-0: Ball
2-0: Called Strike
2-1: Ball
3-1: Reached on error, E6 (Groundball, 56, EV 107.5 MPH)
Logan Gleason to third
Zeke Lebron to second
Batting: LHB Donald Dworkin 0-0: Ball
1-0: Ball
2-0: Fly out, F8 (Flyball, 89D, EV 95.6 MPH)
Bottom of the 5th over - 0 runs, 2 hits, 1 error, 3 left on base; Montreal 3 - Batavia 1
TOP OF THE 6TH
Montreal Exports batting - Pitching for Batavia Muckdogs : LHP Keaton Bice
Batting: RHB Cody Henning 0-0: SINGLE (Flyball, 34D, EV 91.2 MPH)
Batting: RHB Asher Miles 0-0: Bunt missed!
0-1: Sac Bunt to 23 - play at first, batter safe!
Cody Henning to second
Batting: RHB Landon Zitter 0-0: Bunted foul
0-1: Bunt missed!
0-2: SINGLE (Groundball, 4MD, EV 102.5 MPH)
Cody Henning to third
Asher Miles to second
Runner from 3rd tries for Home, SAFE, throw by CF to home
Pitching: RHP Stephen Reece
Batting: RHB Kyle Levin 0-0: Fly out, F8 (Flyball, 8RD, EV 93.1 MPH)
Batting: RHB Henry Miller 0-0: Ball
1-0: Called Strike
1-1: SINGLE (Groundball, 6MD, EV 102.5 MPH)
Asher Miles to third
Landon Zitter to second
Runner from 3rd tries for Home, SAFE, throw by CF to home
Batting: RHB Al Bush 0-0: SINGLE (Line Drive, 9LS, EV 106.2 MPH)
Landon Zitter to third
Henry Miller to second
Batting: RHB Max Johnson 0-0: Called Strike
0-1: Fly out, F9 (Flyball, 89D, EV 102.5 MPH)
Runner from 3rd tags up, SCORES, no throw by RF
Henry Miller to third
Batting: RHB Eli Tracy 0-0: Fielders Choice at 2nd, 6-4 (Groundball, 6MD, EV 89.4 MPH)
Top of the 6th over - 3 runs, 5 hits, 0 errors, 2 left on base; Montreal 6 - Batavia 1
BOTTOM OF THE 6TH
Batavia Muckdogs batting - Pitching for Montreal Exports : RHP Jeremy Jackson
Batting: LHB Edward Schachter 0-0: Called Strike
0-1: Foul Ball, location: 2F
0-2: Ground out 1-3 (Groundball, 13, EV 61.9 MPH)
Batting: LHB Bubba Cain 0-0: Ball
1-0: Ball
2-0: Ball
3-0: Called Strike
3-1: Fly out, F7 (Line Drive, 78S, EV 90.0 MPH)
Batting: RHB Robbie McGath 0-0: Foul Ball, location: 2F
0-1: Ball
1-1: Swinging Strike
1-2: Foul Ball, location: 2F
1-2: Ground out 3-1 (Groundball, 34, EV 108.1 MPH)
Bottom of the 6th over - 0 runs, 0 hits, 0 errors, 0 left on base; Montreal 6 - Batavia 1
TOP OF THE 7TH
Montreal Exports batting - Pitching for Batavia Muckdogs : RHP Stephen Reece
Batting: RHB Jared Lewis 0-0: Ball
1-0: Called Strike
1-1: Ground out U3 (Groundball, 3, EV 96.2 MPH)
Batting: RHB Cody Henning 0-0: Ball
1-0: Ball
2-0: Ball
3-0: Base on Balls
Batting: RHB Asher Miles 0-0: Ball
1-0: Ball
Cody Henning is caught stealing 2nd base 2-4
2-0: Ball
3-0: Called Strike
3-1: Foul Ball, location: 2F
3-2: Foul Ball, location: 2F
3-2: Fly out, F5 (Flyball, 56D, EV 85.6 MPH)
Top of the 7th over - 0 runs, 0 hits, 0 errors, 0 left on base; Montreal 6 - Batavia 1
BOTTOM OF THE 7TH
Batavia Muckdogs batting - Pitching for Montreal Exports : RHP Jeremy Jackson
Batting: RHB Logan Gleason 0-0: Called Strike
0-1: Ball
1-1: Ball
2-1: Ball
3-1: Foul Ball, location: 2F
3-2: Foul Ball, location: 2F
3-2: Base on Balls
Batting: RHB Julius McCurdy 0-0: Swinging Strike
0-1: Ball
1-1: Ball
2-1: Grounds into double play, 5-4-3 (Groundball, 56, EV 105.0 MPH)
Batting: RHB Bowie Garcia 0-0: Foul Ball, location: 2F
0-1: Foul Ball, location: 2F
0-2: Ball
1-2: Ball
2-2: Foul Ball, location: 2F
2-2: Foul Ball, location: 2F
2-2: Ball
3-2: Foul Ball, location: 2F
3-2: Ground out 3-1 (Groundball, 34, EV 78.1 MPH)
Bottom of the 7th over - 0 runs, 0 hits, 0 errors, 0 left on base; Montreal 6 - Batavia 1
TOP OF THE 8TH
Montreal Exports batting - Pitching for Batavia Muckdogs : RHP Stephen Reece
Batting: RHB Landon Zitter 0-0: Ball
1-0: DOUBLE (Line Drive, 5D, EV 103.1 MPH)
Batting: RHB Kyle Levin 0-0: Swinging Strike
0-1: Ball
1-1: Foul Ball, location: 2F
1-2: Ball
2-2: Foul Ball, location: 2F
2-2: Ball
3-2: Fly out, F8 (Flyball, 8RM, EV 85.0 MPH)
Batting: RHB Henry Miller 0-0: Called Strike
0-1: Ball
1-1: Ball
2-1: Called Strike
2-2: Ground out 6-3 (Groundball, 6, EV 85.6 MPH)
Landon Zitter to third
Pitching: RHP Devin Behring
Batting: RHB Al Bush 0-0: Swinging Strike
0-1: DOUBLE (Groundball, 3L, EV 110.0 MPH)
Landon Zitter scores
Batting: RHB Max Johnson 0-0: Ball
1-0: Called Strike
1-1: SINGLE (Flyball, 6D, EV 91.9 MPH)
Al Bush to third
Runner from 3rd tries for Home, SAFE, throw by CF to home
Batting: RHB Eli Tracy 0-0: Ball
1-0: Ball
2-0: Foul Ball, location: 2F
2-1: Foul Ball, location: 2F
2-2: Fly out, F7 (Flyball, 7, EV 93.1 MPH)
Top of the 8th over - 2 runs, 3 hits, 0 errors, 1 left on base; Montreal 8 - Batavia 1
BOTTOM OF THE 8TH
Batavia Muckdogs batting - Pitching for Montreal Exports : RHP Jeremy Jackson
Pitching: RHP Eric Hendrix
Pinch Hitting: RHB Tyson Velez 0-0: Ball
1-0: Called Strike
1-1: Ball
2-1: Ball
3-1: Foul Ball, location: 2F
3-2: Foul Ball, location: 2F
3-2: Base on Balls
Batting: RHB R.J. McCarthy 0-0: Called Strike
0-1: Foul Ball, location: 2F
0-2: Foul Ball, location: 2F
0-2: Ball
1-2: Ball
2-2: Foul Ball, location: 2F
2-2: Grounds into double play, 5-4-3 (Groundball, 5, EV 100.6 MPH)
Pinch Hitting: LHB Carl Brinkley 0-0: Foul Ball, location: 2F
0-1: Ball
1-1: Foul Ball, location: 2F
1-2: Foul Ball, location: 2F
1-2: Ball
2-2: Foul Ball, location: 2F
2-2: DOUBLE (Groundball, 5L, EV 95.6 MPH)
Batting: LHB Edward Schachter 0-0: Foul Ball, location: 2F
0-1: Ball
1-1: Called Strike
1-2: Strikes out looking
Bottom of the 8th over - 0 runs, 1 hit, 0 errors, 1 left on base; Montreal 8 - Batavia 1
TOP OF THE 9TH
Montreal Exports batting - Pitching for Batavia Muckdogs : RHP Devin Behring
Now in LF: Carl Brinkley
Now in RF: Tyson Velez
Batting: RHB Jared Lewis 0-0: Ball
1-0: SINGLE (Groundball, 56D, EV 96.2 MPH)
Batting: RHB Cody Henning 0-0: Ball
1-0: Ball
2-0: Called Strike
2-1: Ball
3-1: Base on Balls
Jared Lewis to second
Batting: RHB Asher Miles 0-0: Called Strike
0-1: Ball
1-1: Ball
2-1: SINGLE (Groundball, 4M, EV 92.5 MPH) (infield hit)
Jared Lewis to third
Cody Henning to second
Batting: RHB Landon Zitter 0-0: Called Strike
0-1: Ball
1-1: Called Strike
1-2: Ball
2-2: Foul Ball, location: 2F
2-2: Fly out, F8 (Flyball, 8LXD, EV 90.6 MPH)
Runner from 3rd tags up, SCORES, no throw by CF
Cody Henning to third
Batting: RHB Kyle Levin 0-0: Ball
1-0: Fly out, F7 (Flyball, 78S, EV 85.0 MPH)
Batting: RHB Henry Miller 0-0: Called Strike
0-1: Ball
1-1: Ball
2-1: Swinging Strike
2-2: Fly out, F8 (Flyball, 8RD, EV 91.2 MPH)
Top of the 9th over - 1 run, 2 hits, 0 errors, 2 left on base; Montreal 9 - Batavia 1
BOTTOM OF THE 9TH
Batavia Muckdogs batting - Pitching for Montreal Exports : RHP Eric Hendrix
Batting: LHB Bubba Cain 0-0: Ball
1-0: Ground out U3 (Groundball, 34, EV 76.2 MPH)
Batting: RHB Robbie McGath 0-0: Ball
1-0: Foul Ball, location: 2F
1-1: Foul Ball, location: 2F
1-2: Ball
2-2: Foul Ball, location: 2F
2-2: Strikes out swinging
Batting: RHB Logan Gleason 0-0: Ball
1-0: Ball
2-0: Ball
3-0: Called Strike
3-1: Called Strike
3-2: Base on Balls
Batting: RHB Julius McCurdy 0-0: Ball
1-0: Swinging Strike
1-1: Foul Ball, location: 2F
1-2: Strikes out swinging
Bottom of the 9th over - 0 runs, 0 hits, 0 errors, 1 left on base; Montreal 9 - Batavia 1
Wednesday, May 15th , 2024 - OOTP Baseball 23.10 Build 110